 Dungeon Crawl Stone Soup version 0.18.1-6-gd335043 (webtiles) character file.

920 M4edhros the Insei (level 7, 0/52 HPs)
             Began as a Mummy Monk on May 16, 2016.
             Slain by a sky beast (4 damage)
             ... on level 4 of the Dungeon.
             The game lasted 00:11:36 (8427 turns).

M4edhros the Insei (Mummy Monk)                     Turns: 8427, Time: 00:11:36

Health: 0/52       AC:  3    Str: 21    XL:     7   Next: 83%
Magic:  7/7        EV: 14    Int:  9    God:
Gold:   91         SH:  5    Dex: 16    Spells: 0 memorised, 6 levels left

rFire  x . .     SeeInvis .       - Unarmed
rCold  + . .     Gourm    .     (no armour)
rNeg   + + +     Faith    .     l - +0 buckler
rPois  ∞         Spirit   .     s - +0 helmet (curse)
rElec  .         Dismiss  .     (no cloak)
rCorr  .         Reflect  .     (no gloves)
SustAt .         Harm     .     b - +1 pair of boots
MR     .....                    (no amulet)
Stlth  ++........               g - +2 ring of strength
                                j - +4 ring of strength

@: not resistant to hostile enchantments, unstealthy
A: no food or potions, fire vulnerability, cold resistance 1, negative energy
resistance 3, torment resistance, unbreathing
a: no special abilities


You were on level 4 of the Dungeon.
You were not hungry.

You visited 2 branches of the dungeon, and saw 7 of its levels.

You collected 91 gold pieces.

Inventory:

Armour
 b - a +1 pair of boots (worn)
 l - a +0 buckler (worn)
 s - a cursed +0 helmet (worn)
Jewellery
 d - an uncursed ring of flight
 e - an uncursed amulet of harm {unknown}
 g - a +2 ring of strength (right hand)
 j - a +4 ring of strength (left hand)
 m - an uncursed amulet of regeneration {unknown}
Scrolls
 a - 2 scrolls of blinking {unknown}
 c - 3 scrolls of remove curse
 k - 3 scrolls of identify
 n - 2 scrolls of enchant weapon {unknown}
 r - a scroll of fog
Comestibles
 h - 3 bread rations
 i - 6 fruits (quivered)
 o - a royal jelly
 q - a slice of pizza


   Skills:
 - Level 3.0 Fighting
 + Level 4.4 Dodging
 - Level 1.5 Stealth
 + Level 3.3 Shields
 + Level 6.4 Unarmed Combat


You had 6 spell levels left.
You didn't know any spells.

Dungeon Overview and Level Annotations

Branches:
Dungeon (6/15)             Temple (1/1) D:4

Altars:
Gozag
Ru
The Shining One

Shops:
D:5 *

Annotations:
D:5 Yehuk's ghost, novice GrFi
D:6 epen's ghost, novice MiCK


Innate Abilities, Weirdness & Mutations

You do not eat or drink.
Your flesh is vulnerable to fire.
You are immune to poison.
Your flesh is cold resistant.
You are immune to negative energy.
You are immune to unholy pain and torment.
You can survive without breathing.


Message History

Identify which item? (\ to view known items) (? for menu, Esc to quit)
r - a scroll of fog The sky beast hits you.
* * * LOW HITPOINT WARNING * * *
The sky beast shocks you.
* * * LOW HITPOINT WARNING * * *
Read which item? (? for menu, Esc to quit)
As you read the scroll labeled VYC KOPPIE, it crumbles to dust.
It is a scroll of recharging.
You aren't carrying any rechargeable items.
The sky beast barely misses you.
Read which item? (? for menu, Esc to quit)
As you read the scroll labeled PIOMARPH GOGG, it crumbles to dust.
It is a scroll of enchant armour.
Enchant which item? (? for menu, Esc to quit)
Your +0 pair of boots glows green for a moment.
The sky beast flickers out of sight!
Deactivating autopickup; reactivate with Ctrl-A.
Something hits you.
You die...

##.....##### ###.# ##.........
#####.....####...#####...##.##.(
#####......#............##..
#####....######.######..
######..#### #...# ###
########......## #.#.#
....#....###### #.#.# ##
###...############## #.#.# #.
...............{@..# ##### #.
####..############## #. #...#
#### #. ###.#.#### #####(.# ##
§...#....########.(....# ### #
#######...........####.# #.# # #
##.########## #.# #.### # #
#...### #.# #^..# # # ###...#
#.# ###.# #


There were no monsters in sight!

Vanquished Creatures
  A sky beast (D:6)
  2 phantoms
  A centaur (D:6)
  A giant frog (D:6)
  A scorpion (D:4)
  A howler monkey (D:6)
  A crimson imp (D:6)
  An orc priest (D:4)
  An orc wizard (D:4)
  4 worker ants
  6 gnolls
  7 adders
  An ooze (D:1)
  2 adder skeletons (D:6)
  2 worms (D:2)
  3 dart slugs
  4 giant geckos
  3 orcs
  A ball python (D:2)
  8 bats
  9 giant cockroaches
  7 goblins
  12 hobgoblins
  4 jackals (D:3)
  11 kobolds
  2 quokkas (D:2)
  A giant newt (D:4)
  A jackal skeleton (D:4)
  A quokka skeleton (D:6)
  9 rats
108 creatures vanquished.

Vanquished Creatures (others)
  4 plants (D:4)
4 creatures vanquished.

Grand Total: 112 creatures vanquished

Notes
Turn   | Place    | Note
--------------------------------------------------------------
     0 | D:1      | M4edhros the Mummy Monk began the quest for the Orb.
     0 | D:1      | Reached XP level 1. HP: 18/18 MP: 1/1
   175 | D:1      | Reached XP level 2. HP: 21/24 MP: 2/2
   489 | D:1      | Reached skill level 4 in Unarmed Combat
   798 | D:1      | Reached XP level 3. HP: 27/29 MP: 3/3
  1677 | D:2      | Reached XP level 4. HP: 22/35 MP: 4/4
  2019 | D:2      | Found a glowing golden altar of the Shining One.
  2019 | D:2      | Found an opulent altar of Gozag.
  2466 | D:2      | Reached skill level 5 in Unarmed Combat
  2977 | D:3      | Reached XP level 5. HP: 36/41 MP: 5/5
  3054 | D:3      | Found a sacrificial altar of Ru.
  3591 | D:4      | Noticed a phantom
  3786 | D:3      | Killed a phantom
  3786 | D:3      | Reached skill level 1 in Shields
  4364 | D:4      | Found a staircase to the Ecumenical Temple.
  4477 | D:4      | Reached XP level 6. HP: 25/47 MP: 6/6
  5223 | D:4      | HP: 2/47 [phantom (9)]
  6855 | Temple   | Entered the Ecumenical Temple
  6870 | D:5      | Entered Level 5 of the Dungeon
  6985 | D:5      | Noticed a sky beast
  7323 | D:4      | Reached XP level 7. HP: 49/52 MP: 7/7
  7365 | D:4      | Reached skill level 6 in Unarmed Combat
  7497 | D:5      | Found Xaoxou's Assorted Antiques.
  7568 | D:5      | Noticed Yehuk's ghost (novice GrFi)
  8319 | D:6      | Noticed epen's ghost (novice MiCK)
  8427 | D:4      | Slain by a sky beast

Skill      XL: |  1  2  3  4  5  6  7 |
---------------+----------------------+-----
Unarmed Combat | 4 5 6 |  6.4
Shields        | 1 2 3 |  3.3
Dodging        | 3 4 |  4.4
Fighting       | |  3.0
Stealth        | |  1.5

Action                   |  1- 3 |  4- 6 |  7- 9 || total
-------------------------+-------+-------+-------++-------
Melee: Unarmed           |   122 |   370 |    96 ||   588
       Punch             |       |     2 |       ||     2
  Use: Scroll            |       |     4 |     3 ||     7
 Stab: Sleeping          |     8 |     7 |     1 ||    16
Armor: Skin              |     1 |    28 |     4 ||    33
Dodge: Dodged            |    55 |   200 |    35 ||   290
Block: Buckler           |       |    24 |    18 ||    42
